 Dungeon Crawl Stone Soup version 0.30-a0-422-g946f4849ff (webtiles) character file.

Game seed: 1369105109895757490

2 NinjaNoafa the Insei (level 1, 0/15 HPs)
             Began as a Merfolk Transmuter on Dec 8, 2022.
             Slain by a kobold
             ... wielding a +0 short sword
              (3 damage)
             ... on level 1 of the Dungeon.
             The game lasted 00:00:31 (36 turns).

NinjaNoafa the Insei (Merfolk Transmuter)             Turns: 36, Time: 00:00:32

Health: 0/15       AC:  2    Str: 10    XL:     1   Next: 30%
Magic:  3/3        EV: 12    Int: 12    God:
Gold:   0          SH:  0    Dex: 14    Spells: 3/4 levels left

rFire   . . .      SeeInvis .      - Unarmed
rCold   . . .      Faith    .    (no shield)
rNeg    . . .      Spirit   .    a - +0 robe
rPois   .          Reflect  .    (helmet currently unavailable)
rElec   .          Harm     .    (no cloak)
rCorr   .          Rampage  .    (no gloves)
Will    .....                    (boots currently unavailable)
Stlth   +.........               (no amulet)
HPRegen 0.22/turn                (no ring)
MPRegen 0.08/turn                (no ring)

@: appendages (expiring)
A: horns 2, (nimble swimmer 2), mertail
a: End Transformation


You were on level 1 of the Dungeon.
You had temporarily grown beastly horns.
You visited 1 branch of the dungeon, and saw 1 of its levels.

Inventory:

Missiles
 c - 4 poisoned darts
Armour
 a - a +0 robe (worn)
Potions
 b - a potion of lignification


   Skills:
 + Level 1.1 Fighting
 + Level 2.7 Dodging
 + Level 3.3 Unarmed Combat
 + Level 2.0 Spellcasting
 + Level 2.7 Transmutations


You had 3 spell levels left.
You knew the following spells:

 Your Spells              Type           Power      Damage    Failure   Level
a - Beastly Appendage     Tmut           14%        N/A       9%          1

Your spell library contained the following spells:

 Spells                   Type           Power      Damage    Failure   Level
 Wereblood                Tmut           7%         N/A       13%         2
 Spider Form              Tmut/Pois      4%         N/A       43%         3
 Ice Form                 Ice/Tmut       4%         N/A       83%         4


Dungeon Overview and Level Annotations

Branches:
Dungeon (1/15)

Altars:


Innate Abilities, Weirdness & Mutations

You have temporarily grown beastly horns.
((You are very nimble when in or above water. (Stealth+, EV+, Speed+++)))
Your lower body shifts to a powerful aquatic tail in water.


Message History

A giant cockroach comes into view.
Found a sling.
Found a stone staircase leading down.
A giant cockroach is nearby!
A giant cockroach is nearby!
Casting: Beastly Appendage (safe; 9% risk of failure)
Confirm with . or Enter, or press ? or * to list all spells.
You grow a pair of large bovine horns.
A ball python comes into view.
The helpless giant cockroach fails to defend itself.
You punch the giant cockroach!
You kill the giant cockroach!
The ball python hisses angrily.
You hit the ball python.
You kill the ball python!
A kobold comes into view. It is wielding a +0 short sword.
Your transformation is almost over.
A kobold comes into view. It is wielding a +0 short sword.
Found 6 gold pieces and a short sword.
The kobold shouts!
There are monsters nearby!
Found a scroll labelled BEOSMI SOGEU.
The kobold hits you with a +0 short sword.
You hit the kobold but do no damage. Your punch misses the kobold.
A hobgoblin comes into view.
The kobold misses you.
You barely miss the kobold.
The kobold hits you with a +0 short sword.
The kobold completely misses you.
You closely miss the kobold. Your punch misses the kobold.
The kobold hits you with a +0 short sword.
The kobold hits you but does no damage.
You hit the kobold but do no damage. The kobold closely misses you.
The kobold hits you with a +0 short sword.
* * * LOW HITPOINT WARNING * * *
You hit the kobold. Your headbutt misses the kobold.
The kobold is heavily wounded.
The kobold hits you with a +0 short sword.
* * * LOW HITPOINT WARNING * * *
The kobold hits you with a +0 short sword.
You die...

##.# ....). ###..#
#...$. #....# #....###
#..#.###### #..#...#
#....#.#.#. #..g...#
#.###...... # #....#
#.##......#
....#..K######.###......
......K@.......##.....#.
?.............####......
.............)# #....#.#
....####.....>..##......
... ########.#...#..# ..
.##..)... . #..#...#
#...#.. .....#


You could see a hobgoblin and 2 kobolds.

Vanquished Creatures
  A giant cockroach (D:1)
  A ball python (D:1)
2 creatures vanquished.

Notes
Turn   | Place    | Note
-------+----------+-------------------------------------------
     0 | D:1      | NinjaNoafa the Merfolk Transmuter began the quest for the
                  | Orb.
     0 | D:1      | Reached XP level 1. HP: 15/15 MP: 3/3
    36 | D:1      | Slain by a kobold

Illustrated notes

Levels and vault maps discovered:
D:1:      co_arrival_square_in_a_square_in_a_square, layout_basic,
          hellmonk_ecumenical_altar_pennies_from_heaven, amethyst_killhole

Action                   || total
-------------------------++-------
Melee: Unarmed           ||     7
 Cast: Beastly Appendage ||     1
 Stab: Sleeping          ||     1
Armor: Robe              ||     1
Dodge: Dodged            ||     3

Table legend: (Time is in decaauts)
 A = Elapsed time spent in this place.
 B = Non-inter-level travel time spent in this place.
 C = Inter-level travel time spent in this place.
 D = Time resting spent in this place.
 E = Time spent auto-exploring this place.
 F = Levels seen in this place.
 G = Mean time per level.
                   A        B        C        D        E       F      G
               +--------+--------+--------+--------+--------+-----+--------+
         Total |     35 |     35 |      0 |      0 |     16 |   1 |   35.0 |
       Dungeon |     35 |     35 |      0 |      0 |     16 |   1 |   35.0 |
               +--------+--------+--------+--------+--------+-----+--------+

Top non-repeatable levels by time:
     D:1: 35 daAuts
